Cogmind - Beta 16.1 @@@ ROGUE MODE // 2026.02.13 @ 15:16:41 Player: McSaucyNugget Result: Self-destructed Performance ------------- Evolutions (4) 2000 Regions Visited (10) 2000 Robots Destroyed (64) 320 Value Destroyed (2107) 2107 Prototype IDs (19) 380 Alien Tech Used (0) 0 Bonus (8523) 8523 TOTAL SCORE: 15330 Bonus ------- High Alert Combat Kills 451 Follower Combat Kills 5772 Entered Garrisons 800 Used RIF Installer 1500 Cogmind --------- Core Integrity 731/850 Matter 77/650 Energy 2415/2415 System Corruption 0% Temperature Cool (9) Movement Core (1550) Ox30 Location -6/Garrison Parts ------- > --- POWER (1+3) ------ Hybrid Deuterium Engine (+) Hybrid Deuterium Engine (+) Hybrid Deuterium Engine (+) Neutrino Core > --- PROPULSION (3) --- Medium Treads > --- UTILITY (5) ------ High-capacity Storage Unit Large Matter Pod High-capacity Matter Pod Improved Medium Armor Plating Power Bank > --- WEAPON (6) ------- (None) > --- INVENTORY (20) --- Improved Deuterium Engine Medium Treads Medium Treads Armored Huge Wheel Armored Huge Wheel Large Matter Pod (0) High-capacity Matter Pod (0) Transmission Jammer Makeshift Kinetic Plating Remote Force Field Relay Coupler [NC] (27) Relay Coupler [NC] (22) Remote Datajack Heavy Flail Peak State ------------ > --- POWER ------------ Hybrid Deuterium Engine Hybrid Deuterium Engine Hybrid Deuterium Engine Neutrino Core > --- PROPULSION ------- Medium Treads Armored Huge Wheel > --- UTILITY ---------- High-capacity Storage Unit Large Matter Pod High-capacity Matter Pod Remote Force Field Power Bank > --- WEAPON ----------- 1B-0RG's Assimilator Remote Datajack > --- INVENTORY -------- Nuclear Core Improved Deuterium Engine Improved Deuterium Engine Medium Treads Medium Treads Armored Huge Wheel Armored Huge Wheel Large Matter Pod High-capacity Matter Pod Transmission Jammer Improved Medium Armor Plating Makeshift Kinetic Plating Relay Coupler [NC] Relay Coupler [NC] Subdweller Shrapnel Launcher Heavy Flail [Rating: 122] Favorites ----------- Power Enhanced Nuclear Core Engine Light Ion Engine Power Core Enhanced Nuclear Core Propulsion Light Treads Treads Light Treads Wheel Armored Huge Wheel Utility High-capacity Matter Pod Device Remote Force Field Storage High-capacity Matter Pod Hackware Relay Coupler [NC] Protection Makeshift Kinetic Plating Weapon 1B-0RG's Assimilator Energy Cannon Advanced Beam Cannon Ballistic Gun Gauss Rifle Ballistic Cannon Improved Light Cannon Launcher Subdweller Shrapnel Launcher Special Weapon Mining Laser Impact Weapon Heavy Flail Slashing Weapon Axe Special Melee Weapon 1B-0RG's Assimilator Build | -11 -10 -10 -8 -8 -7 -7 -7 -7 -6 -6 ------- Run | Yrd Mat Sub Mat Gar Fac Gar Fac Gar Fac Gar Slots Evolved 8 | . . . 4 . 2 . . . 2 . Power . | . . . . . . . . . . . Propulsion 1 | . . . . . . . . . 1 . Utility 3 | . . . 1 . 1 . . . 1 . Weapon 4 | . . . 3 . 1 . . . . . Parts Attached 64 | 7 4 14 3 4 10 4 10 2 5 1 Power 11 | 1 . 2 1 . 2 . 1 . 3 1 Engine 7 | 1 . 2 . . . . 1 . 3 . Core 4 | . . . 1 . 2 . . . . 1 Reactor . | . . . . . . . . . . . Propulsion 14 | 2 2 2 . 2 4 1 . . 1 . Treads 5 | . 2 . . . 2 . . . 1 . Leg . | . . . . . . . . . . . Wheel 9 | 2 . 2 . 2 2 1 . . . . Hover . | . . . . . . . . . . . Flight . | . . . . . . . . . . . Utility 22 | 2 1 4 1 2 2 1 6 2 1 . Device 5 | 1 . . . . . . 2 1 1 . Storage 9 | 1 1 . . 2 2 1 2 . . . Processor . | . . . . . . . . . . . Hackware 2 | . . . . . . . 2 . . . Protection 6 | . . 4 1 . . . . 1 . . Artifact . | . . . . . . . . . . . Weapon 17 | 2 1 6 1 . 2 2 3 . . . Energy Gun . | . . . . . . . . . . . Energy Cannon 1 | . . . . . 1 . . . . . Ballistic Gun 6 | 2 . 2 . . 1 1 . . . . Ballistic Cannon 4 | . . 4 . . . . . . . . Launcher 1 | . . . . . . . 1 . . . Special Weapon 2 | . 1 . . . . . 1 . . . Impact Weapon 1 | . . . . . . . 1 . . . Slashing Weapon 1 | . . . . . . 1 . . . . Piercing Weapon . | . . . . . . . . . . . Special Melee Weapon 1 | . . . 1 . . . . . . . Unidentified Prototypes 3 | . . . 1 . 2 . . . . . Parts Lost 18 | . . 9 . 3 2 . 1 . . 3 Power 3 | . . 2 . 1 . . . . . . Propulsion 6 | . . 2 . 1 2 . . . . 1 Utility 3 | . . 2 . 1 . . . . . . Weapon 6 | . . 3 . . . . 1 . . 2 Highest Loss Streak 4 | . . 4 . 2 1 . 1 . . 3 To Critical Strikes . | . . . . . . . . . . . Average Backups 14 | 2 10 14 12 12 13 14 17 17 14 14 Power 1 | . 1 . . 1 1 1 3 4 2 1 Propulsion 2 | 1 4 3 2 1 1 2 2 3 2 3 Utility 6 | . 1 3 4 5 6 8 8 7 7 7 Weapon 3 | . 3 6 4 5 4 2 2 1 1 1 Tool/Special . | . . . . . . . . . . . Unused Backups 30 | . 5 4 . 1 2 5 4 . . 9 Power 2 | . . . . . . . . . . 2 Propulsion 7 | . 1 . . . . . 2 . . 4 Utility 11 | . 1 . . 1 . 5 1 . . 3 Weapon 9 | . 3 3 . . 2 . 1 . . . Tool/Special 1 | . . 1 . . . . . . . . Average Slot Usage (%) 73 | . 99 99 62 55 66 65 61 61 68 71 Engine 5 | . 14 13 1 . . . . 7 17 16 Core 3 | . . . 7 2 5 7 6 . . 4 Treads 6 | . 24 18 . . 3 3 . . 4 5 Wheel 9 | . 3 9 18 17 10 7 7 7 5 5 Device 3 | . 14 1 . . . . 4 6 10 10 Storage 19 | . 14 14 9 21 28 28 17 20 17 16 Protection 5 | . . 12 17 5 . 1 6 2 . . Ballistic Gun 4 | . 27 4 . . 6 5 . . . . Ballistic Cannon 3 | . . 16 . . . . . . . . Special Weapon 1 | . . 7 . . . . . . 1 3 Special Melee Weapon 5 | . . . 8 9 7 7 7 7 5 5 Peak Build Rating 122 | 7 9 21 82 83 86 92 97 99 119 122 Average Rating 66 | 5 7 11 81 76 82 87 94 96 116 119 On Entrance 61 | . 7 9 21 82 74 83 92 91 96 119 Avg Prop Armor Cover (%) 7 | . . . . 4 6 8 . . 7 7 Naked Turns . | . . . . . . . . . . . Heaviest Build 155 | 12 27 40 93 93 102 101 125 126 147 155 Greatest Support 40 | 26 40 40 26 36 26 28 28 28 28 28 Greatest Overweight (x) 9 | . 1 1 3 5 9 9 4 4 5 5 Average Overweight (x) 3 | . . . 3 2 5 5 3 3 4 5 Largest Inventory Capacity 20 | 8 15 15 15 15 15 15 20 20 20 20 Average Capacity 16 | 7 14 15 15 15 15 15 19 20 20 20 Most Carried 20 | 6 15 15 15 15 15 15 20 20 20 18 Average Carried 15 | 3 10 14 12 12 13 14 19 19 15 15 Final Capacity 20 | 8 15 15 15 15 15 15 20 20 20 20 Final Carried 20 | 6 15 15 15 12 13 15 20 20 15 16 Class Distribution -------------------- 85% | Mutant 14% | Commander-Mutant Dominant Class ---------------- Mutant | -10/Materials Mutant | -10/Subcaves Mutant | -8/Materials Mutant | -8/Garrison Mutant | -7/Factory Mutant | -7/Garrison Mutant | -7/Factory Commander-Mutant | -7/Garrison Commander-Mutant | -6/Factory Commander-Mutant | -6/Garrison Resources | -11 -10 -10 -8 -8 -7 -7 -7 -7 -6 -6 ----------- Run | Yrd Mat Sub Mat Gar Fac Gar Fac Gar Fac Gar Matter Collected 11406 | 294 90 939 607 2159 1484 1418 1893 1803 . 719 Remotely . | . . . . . . . . . . . Salvage Created 1992 | 22 107 281 . . 366 242 807 167 . . Parts 124 | 7 9 27 . . 22 5 49 5 . . Haulers Intercepted 2 | . 1 . . . . . 1 . . . Recyclers Shooed 4 | . . . . . 3 . 1 . . . Parts Field Recycled . | . . . . . . . . . . . Retrieved Matter . | . . . . . . . . . . . Parts Self-Destructed 10 | . . 10 . . . . . . . . Prevented . | . . . . . . . . . . . Parts Restored . | . . . . . . . . . . . Kills | -11 -10 -10 -8 -8 -7 -7 -7 -7 -6 -6 ------- Run | Yrd Mat Sub Mat Gar Fac Gar Fac Gar Fac Gar Combat Hostiles Destroyed 31 | . 3 16 . . 1 . 8 3 . . Melee 2 | . . . . . . . . 2 . . Guns 7 | . 3 3 . . 1 . . . . . Cannons 13 | . . 13 . . . . . . . . AOE 7 | . . . . . . . 7 . . . Classes Destroyed 15 | 1 3 1 . . 2 1 5 2 . . Worker 7 | . 1 . . . 1 . 5 . . . Builder 7 | . . . . . 3 . 4 . . . Tunneler 3 | 2 . . . . . . 1 . . . Hauler 2 | . 1 . . . . . 1 . . . Recycler 9 | . . . . . 4 . 5 . . . Mechanic 1 | . . . . . . . 1 . . . Operator 1 | . . . . . . . 1 . . . Watcher 1 | . . . . . . . 1 . . . Swarmer 9 | . 3 3 . . 1 . 1 1 . . Grunt 6 | . . . . . . 1 4 1 . . Brawler 1 | . . . . . . . 1 . . . Protector 2 | . . . . . . . 2 . . . Sentry 1 | . . . . . . . . 1 . . Programmer 1 | . . . . . . . . 1 . . Subdweller 13 | . . 13 . . . . . . . . Best Kill Streak 8 | 2 3 2 . . 3 . 8 2 . . Combat Bots Only 7 | . 3 2 . . 1 . 7 2 . . Max Kills in Single Turn 5 | 1 1 1 . . 2 1 5 1 . . Gunslinging . | . . . . . . . . . . . Exploded 5 | . . . . . . . 5 . . . Melee 1 | . . . . . . . . 1 . . Uniques/NPCs Destroyed . | . . . . . . . . . . . Combat | -11 -10 -10 -8 -8 -7 -7 -7 -7 -6 -6 -------- Run | Yrd Mat Sub Mat Gar Fac Gar Fac Gar Fac Gar Hostile Shots Fired 449 | . 37 108 29 101 36 17 58 25 . 38 Missed 155 | . 8 34 11 39 9 4 22 8 . 20 Hits 294 | . 29 74 18 62 27 13 36 17 . 18 Melee 5 | . . . . . 1 . 1 . . 3 Projectile 289 | . 29 74 18 62 26 13 35 17 . 15 AOE 5 | . . . . 1 . . 3 1 . . Critical Strikes 9 | . . 3 1 1 . 1 . 1 . 2 Damage Taken 4677 | . 230 1317 279 798 391 312 489 255 . 606 Core 836 | . 23 162 49 118 84 86 121 74 . 119 Absorbed by Shields 309 | . . . . 3 . . 97 191 . 18 Ignored by Resistances 115 | . . . 37 35 . . 43 . . . Regen/Repaired (Parts) 994 | . 96 . 109 357 92 136 100 68 . 36 Core Remaining (%) 60 | 100 . 26 . 69 . . . 47 . . Volleys Fired 250 | 6 29 60 . . 30 105 8 12 . . Largest 2 | 2 2 2 . . 1 1 1 1 . . Hottest 100 | 40 100 100 . . 28 28 40 5 . . Shots Fired 332 | 12 55 111 . . 30 104 8 12 . . Gun 212 | 12 52 14 . . 30 104 . . . . Cannon 89 | . . 89 . . . . . . . . Launcher 6 | . . . . . . . 6 . . . Special 25 | . 3 8 . . . . 2 12 . . Kinetic 307 | 12 52 103 . . 30 104 6 . . . Thermal 11 | . 3 8 . . . . . . . . Explosive . | . . . . . . . . . . . Electromagnetic . | . . . . . . . . . . . Robot Hit Streak 19 | 4 5 17 . . 6 19 13 14 . . Robot Miss Streak 4 | 3 4 2 . . 2 4 1 . . . Penetration Max 1 | . . . . . 1 1 . . . . Secondary Targets 1 | . 1 . . . . . . . . . Max Gunslinging Chain 1 | . 1 . . . . . . . . . Shots Hit Robots 272 | 5 30 72 . . 20 96 27 21 . 1 Core Hits 148 | 4 10 28 . . 9 47 48 2 . . Critical Kills . | . . . . . . . . . . . Critical Parts Destroyed 6 | . . . . . 1 1 1 3 . . Critical Strikes 13 | . . 3 . . 1 1 5 3 . . Destroy 2 | . . . . . 1 1 . . . . Blast 3 | . . 3 . . . . . . . . Smash 4 | . . . . . . . 1 3 . . Sever 4 | . . . . . . . 4 . . . Melee Attacks 60 | . . . . . . 8 32 18 . 2 Impact 23 | . . . . . . . 3 18 . 2 Slashing 37 | . . . . . . 8 29 . . . Piercing . | . . . . . . . . . . . Sneak Attacks 22 | . . . . . . . 17 4 . 1 Combat Hostiles . | . . . . . . . . . . . Follow-up Attacks . | . . . . . . . . . . . Damage Inflicted 7561 | 59 302 1473 . . 514 1127 3518 423 . 145 Guns 2112 | 59 295 117 . . 514 1127 . . . . Cannons 1356 | . . 1356 . . . . . . . . Explosions 2009 | . . . . . . . 2009 . . . Melee 2077 | . . . . . . . 1509 423 . 145 Ramming 7 | . 7 . . . . . . . . . Kinetic 5477 | 59 295 1473 . . 514 1127 2009 . . . Thermal . | . . . . . . . . . . . Explosive . | . . . . . . . . . . . Electromagnetic . | . . . . . . . . . . . Impact 750 | . . . . . . . 182 423 . 145 Slashing 1327 | . . . . . . . 1327 . . . Piercing . | . . . . . . . . . . . Highest Corruption 1 | . . . . 1 . 1 1 1 . . Average Corruption 1 | . . . . 1 . 1 1 1 . . Corruption Purged . | . . . . . . . . . . . Corruption Blocked . | . . . . . . . . . . . Effects 28 | . . . . . . 9 10 9 . . Message Errors 8 | . . . . . . 3 2 3 . . Matter Fused 4 | . . . . . . . 2 2 . . Heat Flow Errors 2 | . . . . . . . . 2 . . Energy Discharges 7 | . . . . . . 1 5 1 . . Data Loss (minor) 4 | . . . . . . 3 1 . . . Data Loss (major) 1 | . . . . . . . . 1 . . Alerts 1 | . . . . . . 1 . . . . Weapon Failures 1 | . . . . . . 1 . . . . Overload Shots . | . . . . . . . . . . . Overflow Damage 631 | . . . . . . . 419 107 . 105 Projectiles . | . . . . . . . . . . . Explosions 17 | . . . . . . . 17 . . . Melee 614 | . . . . . . . 402 107 . 105 Knockbacks 17 | . . 13 . . . . 1 2 . 1 Impact 4 | . . . . . . . 1 2 . 1 Kinetic 12 | . . 12 . . . . . . . . Secondary 1 | . . 1 . . . . . . . . Self-Inflicted Damage . | . . . . . . . . . . . Shots . | . . . . . . . . . . . Rammed 1 | . 1 . . . . . . . . . Targets Rammed 2 | . 2 . . . . . . . . . Kicked . | . . . . . . . . . . . Crushed 1 | . 1 . . . . . . . . . Highest Temperature 180 | . 60 . 17 . 6 1 . 180 . 9 Average Temperature 43 | . 30 . 12 . 6 1 . 81 . 9 Received Heat Transfer 938 | . . 156 90 240 141 135 70 46 . 60 Siege Activations . | . . . . . . . . . . . Martial Activations . | . . . . . . . . . . . Shielding Activations . | . . . . . . . . . . . Robots Disrupted . | . . . . . . . . . . . Combat Hostiles . | . . . . . . . . . . . Robots Corrupted 3 | . . . . . . . 1 2 . . Combat Hostiles 2 | . . . . . . . 1 1 . . Parts Fried 2 | . . . . . . . 1 1 . . Impact Corruptions 10 | . . . . . . . 4 3 . 3 Robots Melted . | . . . . . . . . . . . Combat Hostiles . | . . . . . . . . . . . Parts Melted . | . . . . . . . . . . . Heat Transferred . | . . . . . . . . . . . Parts Sabotaged . | . . . . . . . . . . . Parts Stolen . | . . . . . . . . . . . Parts Stripped . | . . . . . . . . . . . Power Chain Reactions . | . . . . . . . . . . . Alert | -11 -10 -10 -8 -8 -7 -7 -7 -7 -6 -6 ------- Run | Yrd Mat Sub Mat Gar Fac Gar Fac Gar Fac Gar Maximum Alert Level 5 | . . . 1 3 4 5 5 5 4 4 Low Security (%) 19 | 100 100 . 80 16 . . . . . . Level 1 3 | . . . 19 6 9 . . . . . Level 2 5 | . . . . 10 37 . . . . . Level 3 21 | . . . . 66 43 14 17 . . 81 Level 4 15 | . . . . . 9 9 54 12 100 18 Level 5 35 | . . . . . . 75 28 87 . . High Security . | . . . . . . . . . . . Max Security . | . . . . . . . . . . . Peak Influence 2908 | 10 60 . 223 897 1217 2054 1953 2908 1526 1508 Initial 1526 | . . . . 102 470 843 1078 1355 1526 1047 Average 1192 | 1 6 . 115 667 676 1656 1421 2408 1514 1115 Influence Increases 7902 | 10 99 150 431 965 1181 1311 1571 1593 . 591 Destroy 0b10 Robot/C 3880 | . 60 60 180 740 460 560 680 820 . 320 Destroy 0b10 Robot/NC 255 | 10 10 . 30 5 45 20 135 . . . Destroy Leader 410 | . 12 . 66 20 112 20 130 20 . 30 Allied During Kill 1923 | . . . 34 165 341 241 352 559 . 231 Successful Hack 62 | . 14 . 13 21 . . . 14 . . Disable Machine 45 | . . . . . 15 15 15 . . . Anti-Garrison Action 550 | . . . . . . 400 . 150 . . Destroy Structure 172 | . 3 . 8 14 8 40 59 30 . 10 Partial Spotted 15 | . . . . . . 15 . . . . Lose Combat Pursuer 90 | . . 90 . . . . . . . . Active Sensor Use 500 | . . . 100 . 200 . 200 . . . Influence Decreases 6474 | 10 99 150 274 225 873 462 1688 622 1412 659 Entered New Map 4233 | . . . . 55 427 362 976 582 1382 449 Time Decay 1406 | 10 99 125 254 . 386 . 502 . 30 . Lost Part 115 | . . 25 . 30 20 . 10 . . 30 Lost Ally 720 | . . . 20 140 40 100 200 40 . 180 Squads Dispatched 24 | . 2 . 3 . 8 . 11 . . . Investigation 7 | . 1 . 1 . 2 . 3 . . . Extermination 3 | . . . . . 1 . 2 . . . Reinforcement 6 | . 1 . 2 . 1 . 2 . . . Assault 5 | . . . . . 1 . 4 . . . Garrison 3 | . . . . . 3 . . . . . Intercept . | . . . . . . . . . . . Searches Triggered . | . . . . . . . . . . . Construction Impeded 2 | . . . . . 1 . 1 . . . Haulers Reinforced 1 | . . . . . . . 1 . . . Active Scanning Responses 9 | . . . 1 1 2 1 2 1 . 1 Cargo Convoy Interrupts . | . . . . . . . . . . . Stealth | -11 -10 -10 -8 -8 -7 -7 -7 -7 -6 -6 --------- Run | Yrd Mat Sub Mat Gar Fac Gar Fac Gar Fac Gar Distress Signals 8 | . . . 2 . 5 1 . . . . Communications Jammed 44 | . . . . . . . 44 . . . Distress Signals 35 | . . . . . . . 35 . . . Times Spotted 246 | . 6 18 24 45 21 24 44 33 . 31 Peak Tracking Total 17 | . 3 4 6 12 3 6 10 4 . 17 Tactical Retreats 3 | . . 3 . . . . . . . . Traps | -11 -10 -10 -8 -8 -7 -7 -7 -7 -6 -6 ------- Run | Yrd Mat Sub Mat Gar Fac Gar Fac Gar Fac Gar Traps Triggered 12 | . . 1 . 1 . 7 . 2 . 1 Indirectly . | . . . . . . . . . . . Trap Hack Attempts . | . . . . . . . . . . . Triggered . | . . . . . . . . . . . Disarmed . | . . . . . . . . . . . Reprogrammed . | . . . . . . . . . . . Reused . | . . . . . . . . . . . Traps Extracted . | . . . . . . . . . . . Installed . | . . . . . . . . . . . Triggered . | . . . . . . . . . . . Machines | -11 -10 -10 -8 -8 -7 -7 -7 -7 -6 -6 ---------- Run | Yrd Mat Sub Mat Gar Fac Gar Fac Gar Fac Gar Machines Disabled 9 | . . 2 . . 1 4 1 1 . . Max in Single Turn 1 | . . 1 . . . 1 1 1 . . Garrison Access 1 | . . . . . 1 . . . . . Garrison Relay 4 | . . . . . . 3 . 1 . . Machines Repaired . | . . . . . . . . . . . Machines Dismantled . | . . . . . . . . . . . Machines Sabotaged . | . . . . . . . . . . . Overloaded Fab Kills . | . . . . . . . . . . . Hacking | -11 -10 -10 -8 -8 -7 -7 -7 -7 -6 -6 --------- Run | Yrd Mat Sub Mat Gar Fac Gar Fac Gar Fac Gar Machines Accessed 26 | . 5 4 4 3 2 2 4 1 1 . Terminals 15 | . 4 . 2 3 . 2 3 1 . . Fabricators . | . . . . . . . . . . . Repair Stations 1 | . 1 . . . . . . . . . Recycling Units . | . . . . . . . . . . . Scanalyzers 1 | . . . 1 . . . . . . . Garrison Access 5 | . . . 1 . 2 . 1 . 1 . Total Hacks 51 | . 17 7 10 3 2 5 5 1 1 . Successful 27 | . 8 7 5 2 2 . 1 1 1 . Failed 24 | . 9 . 5 1 . 5 4 . . . Catastrophic 4 | . . . 1 . . 2 1 . . . Database Lockouts . | . . . . . . . . . . . Manual 12 | . 9 . 2 . . . 1 . . . Terminals 32 | . 13 . 6 3 . 5 4 1 . . Fabricators . | . . . . . . . . . . . Repair Stations 4 | . 4 . . . . . . . . . Recycling Units . | . . . . . . . . . . . Scanalyzers 3 | . . . 3 . . . . . . . Garrison Access 5 | . . . 1 . 2 . 1 . 1 . Terminal Hacks 14 | . 2 7 2 2 . . . 1 . . Record 5 | . . 5 . . . . . . . . Part Schematic 1 | . 1 . . . . . . . . . Robot Analysis 1 | . 1 . . . . . . . . . Prototype ID Bank 1 | . . . 1 . . . . . . . Open Door 2 | . . 1 . 1 . . . . . . Emergency Access Points 1 | . . . . . . . . 1 . . Recall Investigation 1 | . . . 1 . . . . . . . Garrison Registry 1 | . . . . 1 . . . . . . Proto ID Catalog 1 | . . 1 . . . . . . . . Fabricator Hacks . | . . . . . . . . . . . Repair Station Hacks 4 | . 4 . . . . . . . . . Scan Component 2 | . 2 . . . . . . . . . Repair 2 | . 2 . . . . . . . . . Recycling Unit Hacks . | . . . . . . . . . . . Scanalyzer 2 | . . . 2 . . . . . . . Retrieve Study 2 | . . . 2 . . . . . . . Garrison Access Hacks 5 | . . . 1 . 2 . 1 . 1 . Unlock Access 4 | . . . 1 . 1 . 1 . 1 . Seal Access 1 | . . . . . 1 . . . . . Unauthorized Hacks 1 | . 1 . . . . . . . . . Terminals 1 | . 1 . . . . . . . . . Skim 1 | . 1 . . . . . . . . . Fabricators . | . . . . . . . . . . . Repair Stations . | . . . . . . . . . . . Recycling Units . | . . . . . . . . . . . Scanalyzers . | . . . . . . . . . . . Garrison Access . | . . . . . . . . . . . Data Cores Recovered 1 | . . . . . . . 1 . . . Used . | . . . . . . . . . . . Hacking Detections 16 | . 5 . 3 1 . 2 4 1 . . Full Trace Events 4 | . 2 . . . . 1 1 . . . Feedback Events 1 | . . . . . . 1 . . . . Corruption 1 | . . . . . . 1 . . . . Feedback Blocked . | . . . . . . . . . . . Robot Schematics Acquired . | . . . . . . . . . . . Robots Built . | . . . . . . . . . . . Authchips . | . . . . . . . . . . . Time . | . . . . . . . . . . . Total Robot Build Rating . | . . . . . . . . . . . Part Schematics Acquired 1 | . 1 . . . . . . . . . Parts Built . | . . . . . . . . . . . Authchips . | . . . . . . . . . . . Time . | . . . . . . . . . . . Total Part Build Rating . | . . . . . . . . . . . Part Studies Acquired 2 | . . . 2 . . . . . . . Parts Repaired 2 | . 2 . . . . . . . . . Time 52 | . 52 . . . . . . . . . Parts Recycled . | . . . . . . . . . . . Recycled Matter . | . . . . . . . . . . . Retrieved Matter . | . . . . . . . . . . . Retrieved Components . | . . . . . . . . . . . Parts Scanalyzed . | . . . . . . . . . . . Part Schematics Acquired . | . . . . . . . . . . . Parts Damaged . | . . . . . . . . . . . Bothacking | -11 -10 -10 -8 -8 -7 -7 -7 -7 -6 -6 ------------ Run | Yrd Mat Sub Mat Gar Fac Gar Fac Gar Fac Gar Used RIF Installer 3 | . . . . 1 . 1 . 1 . . Command Fork 2 | . . . . . . 1 . 1 . . Robots Hacked 3 | . . . . . . . . 3 . . Non-combat . | . . . . . . . . . . . Combat 3 | . . . . . . . . 3 . . Robot Hacks Applied 3 | . . . . . . . . 3 . . parse_system 3 | . . . . . . . . 3 . . Relay Couplers Released 16 | . . . . . . 12 . 4 . . Machine Destruction 16 | . . . . . . 12 . 4 . . Attached 2 | . . . . . . . 2 . . . Fabnet Peak Effective % . | . . . . . . . . . . . Robots Rewired 6 | . . . . 2 . . . 4 . . Allies Hacked 2 | . . . . 1 . . 1 . . . Hacks Repelled . | . . . . . . . . . . . Allies | -11 -10 -10 -8 -8 -7 -7 -7 -7 -6 -6 -------- Run | Yrd Mat Sub Mat Gar Fac Gar Fac Gar Fac Gar Total Allies 20 | . . . . 2 . . 12 4 . 2 Largest Group 8 | . . . . 2 2 1 8 4 4 4 Highest-Rated Group 175 | . . . . 56 56 31 175 172 172 172 Highest-Rated Ally 43 | . . . . 31 31 31 31 43 43 43 Total Orders 18 | . . . . . . 2 9 4 1 2 STAY 8 | . . . . . . 1 4 2 . 1 FOLLOW 9 | . . . . . . 1 4 2 1 1 COLLECT 1 | . . . . . . . 1 . . . Ally Attacks 929 | . . . 40 119 140 173 233 142 . 82 Total Damage 22298 | . . . 1535 3053 2709 3992 4384 4103 . 2522 Kills 195 | . . . 16 38 23 29 35 38 . 16 Allies Corrupted 2 | . . . . . . . . 2 . . Allies Melted 1 | . . . . . . . 1 . . . Borg Created 36 | . . . 8 9 2 3 8 4 . 2 Largest Collective 7 | . . . 4 6 7 7 6 6 . 7 Intel | -11 -10 -10 -8 -8 -7 -7 -7 -7 -6 -6 ------- Run | Yrd Mat Sub Mat Gar Fac Gar Fac Gar Fac Gar Active Infowar (turns) 1959 | 13 748 243 . . . . 817 . . 138 Seismic 1135 | 13 748 243 . . . . 131 . . . Jamming 824 | . . . . . . . 686 . . 138 Robot Analysis Total 1 | . 1 . . . . . . . . . Derelict Logs Recovered 2 | . . 2 . . . . . . . . Drone Launches . | . . . . . . . . . . . Drone Recoveries . | . . . . . . . . . . . Exploration | -11 -10 -10 -8 -8 -7 -7 -7 -7 -6 -6 ------------- Run | Yrd Mat Sub Mat Gar Fac Gar Fac Gar Fac Gar Turns Passed 10630 | 86 748 2246 771 905 904 1919 1344 1290 62 355 Spaces Moved 5890 | 59 336 1462 485 610 466 909 705 688 27 143 Core 1 | 1 . . . . . . . . . . Treads 1062 | . 259 803 . . . . . . . . Legs . | . . . . . . . . . . . Wheels 4827 | 58 77 659 485 610 466 909 705 688 27 143 Hover . | . . . . . . . . . . . Flight . | . . . . . . . . . . . Fastest Speed 50 | 50 90 105 125 124 125 145 145 145 160 175 Average Speed 149 | 89 144 135 127 127 167 173 158 159 173 175 Slowest Speed 205 | 100 160 160 135 165 205 205 160 160 175 175 Overloaded Moves . | . . . . . . . . . . . Propulsion Burnouts . | . . . . . . . . . . . Robots Hopped . | . . . . . . . . . . . Potential Cave-ins . | . . . . . . . . . . . Cave-ins Triggered . | . . . . . . . . . . . Exploration Rate (%) 39 | 3 45 66 32 69 12 74 20 77 1 31 Regions Visited 10 Branch Regions 1 Pre-discovered Areas 2 | . . 2 . . . . . . . . Known Exits Taken 4 | . . . 1 . 1 . 1 . 1 . Unknown Exits Taken 3 | 1 1 1 . . . . . . . . Scrap Searched 10 | . . 10 . . . . . . . . Spaces Dug 6 | . 1 . . . . . 3 2 . . Terrain Destroyed 56 | . 3 . . . . 1 50 2 . . Melee 5 | . . . . . . . 3 2 . . Projectile 4 | . 3 . . . . 1 . . . . AOE 47 | . . . . . . . 47 . . . Terrain Rammed . | . . . . . . . . . . . Walls Destroyed . | . . . . . . . . . . . Machines Disabled . | . . . . . . . . . . . Actions | -11 -10 -10 -8 -8 -7 -7 -7 -7 -6 -6 --------- Run | Yrd Mat Sub Mat Gar Fac Gar Fac Gar Fac Gar Total 7222 | 77 543 1605 625 716 554 1137 851 835 42 237 Wait 651 | . 151 33 119 62 33 36 61 79 10 67 Move 5880 | 58 335 1461 484 609 465 908 704 687 26 143 Hop . | . . . . . . . . . . . Pick Up 80 | 6 14 16 6 1 7 10 12 3 . 5 Fast Attach 18 | 7 2 2 1 . 3 2 1 . . . Attach 23 | . . 9 2 2 4 . 1 . 5 . Detach 4 | . . 1 1 . 2 . . . . . Swap 53 | . 4 10 . 4 4 4 14 7 1 5 Drop 55 | . 6 13 3 2 4 13 9 1 . 4 Fire 250 | 6 29 60 . . 30 105 8 12 . . Melee 60 | . . . . . . 8 32 18 . 2 Ram . | . . . . . . . . . . . Kick . | . . . . . . . . . . . Crush 2 | . 2 . . . . . . . . . Escape Stasis 85 | . . . . 10 . 48 . 19 . 8 Rewire 24 | . . . 1 17 . . 1 5 . . Trap . | . . . . . . . . . . . Miscellaneous 37 | . . . 8 9 2 3 8 4 . 3 Route ------- -11/Scrapyard -10/Materials (discovered 3 exits: [*Min x2] / *Sub) -10/Subcaves -8/Materials (discovered 2 exits: *Fac / Gar) -8/Garrison (discovered 3 exits: *Fac x3) -7/Factory -7/Garrison (discovered 3 exits: *Fac x3) -7/Factory (discovered 2 exits: *Fac / Gar) -7/Garrison (discovered 3 exits: *Fac x3) -6/Factory -6/Garrison History --------- Turn | Location | Event 8 | -11/Scrapyard | Discovered new exit (range 16) 87 | -11/Scrapyard | Entered Materials 180 | -10/Materials | Discovered new exit (range 6) 317 | -10/Materials | Build established: Mutant 441 | -10/Materials | Repaired Lgt. Assault Rifle 468 | -10/Materials | Repaired Lgt. Treads 481 | -10/Materials | Discovered new exit (range 9) 546 | -10/Materials | Discovered new exit (range 6) 835 | -10/Materials | Entered Subcaves 836 | -10/Subcaves | Approached by a straggling Scientist 879 | -10/Subcaves | Visited Clippyterm 883 | -10/Subcaves | Learned location of Extension (-6) 1301 | -10/Subcaves | Shifting Twisted Machinery released Sub. Optics 1309 | -10/Subcaves | A swath of the cavern ceiling suddenly collapsed 1379 | -10/Subcaves | Learned Materials trap positions 1382 | -10/Subcaves | A swath of the cavern ceiling suddenly collapsed 1474 | -10/Subcaves | Discovered new exit (range 9) 1966 | -10/Subcaves | Learned location of Storage (-7) 2275 | -10/Subcaves | Disturbed a concealed Subdweller 2321 | -10/Subcaves | Lost 4 parts (2n2w) 2725 | -10/Subcaves | Core integrity fell below 50% 2980 | -10/Subcaves | Visited 4L-MR0's lab 2994 | -10/Subcaves | Found Prototype Special Melee Weapon 3003 | -10/Subcaves | Found Power Bank 3081 | -10/Subcaves | Entered Materials 3081 | -8/Materials | Evolved 4 slots: Utility x1, Weapon x3 3082 | -8/Materials | Loaded intel: 11 trap records 3083 | -8/Materials | Identified 1B-0RG's Assimilator 3097 | -8/Materials | Identified exit to Garrison 3148 | -8/Materials | Assimilating Trooper 3a into Collective. 3157 | -8/Materials | Assimilating Trooper 3b into Collective. 3171 | -8/Materials | Assimilating Trooper 3c into Collective. 3254 | -8/Materials | Assimilating Shepherd 3a into Collective. 3460 | -8/Materials | Assimilating Commando 3a into Collective. 3465 | -8/Materials | Assimilating Commando 3b into Collective. 3531 | -8/Materials | Discovered new exit (range 15) 3642 | -8/Materials | Assimilating Defender 3a into Collective. 3678 | -8/Materials | Assimilating Trooper 3d into Collective. 3852 | -8/Materials | Entered Garrison 3852 | -8/Garrison | Accompanied by 4 allies 3878 | -8/Garrison | Triggered checkpoint 4002 | -8/Garrison | Discovered new exit (range 60) 4002 | -8/Garrison | Discovered new exit (range 34) 4002 | -8/Garrison | Discovered new exit (range 55) 4055 | -8/Garrison | Assimilating Trooper 3e into Collective. 4066 | -8/Garrison | Assimilating Grenadier 3a into Collective. 4111 | -8/Garrison | Assimilating Trooper 3f into Collective. 4119 | -8/Garrison | Assimilating Soldier 3a into Collective. 4133 | -8/Garrison | Assimilating Pest 3a into Collective. 4172 | -8/Garrison | Lost 4 allies 4242 | -8/Garrison | Assimilating Trooper 3g into Collective. 4266 | -8/Garrison | Assimilating Trooper 3h into Collective. 4274 | -8/Garrison | Assimilating Trooper 3i into Collective. 4435 | -8/Garrison | Installed Relay Interface Framework 4552 | -8/Garrison | Assimilating Trooper 3j into Collective. 4757 | -8/Garrison | Entered Factory 4757 | -7/Factory | Accompanied by 8 allies 4757 | -7/Factory | Evolved 2 slots: Utility x1, Weapon x1 4898 | -7/Factory | Assimilating Guardian 4a into Collective. 5034 | -7/Factory | Garrison activated, responded to threat 5291 | -7/Factory | Assimilating Fighter 4a into Collective. 5557 | -7/Factory | First assault squad dispatched 5573 | -7/Factory | Garrison activated, responded to threat 5633 | -7/Factory | Identified exit to Garrison 5661 | -7/Factory | Entered Garrison 5661 | -7/Garrison | Accompanied by 8 allies 5717 | -7/Garrison | Triggered checkpoint 5785 | -7/Garrison | Garrison Relay disabled 5933 | -7/Garrison | Triggered checkpoint 5933 | -7/Garrison | Triggered checkpoint 6019 | -7/Garrison | Assimilating Soldier 4a into Collective. 6590 | -7/Garrison | Garrison Relay disabled 6881 | -7/Garrison | Discovered new exit (range 12) 6918 | -7/Garrison | Identified exit to Factory 7025 | -7/Garrison | Discovered exit to Factory (range 11) 7038 | -7/Garrison | Assimilating Trooper 4a into Collective. 7043 | -7/Garrison | Assimilating Trooper 4b into Collective. 7120 | -7/Garrison | Garrison Relay disabled 7499 | -7/Garrison | Discovered exit to Factory (range 14) 7538 | -7/Garrison | Expanded RIF knowledge: Command Fork 7580 | -7/Garrison | Entered Factory 7580 | -7/Factory | Accompanied by 4 allies 7956 | -7/Factory | Assimilating Trooper 4c into Collective. 8145 | -7/Factory | Assimilating Transporter 4a into Collective. 8252 | -7/Factory | Discovered new exit (range 14) 8277 | -7/Factory | Assimilating Shepherd 4a into Collective. 8293 | -7/Factory | Identified exit to Factory 8380 | -7/Factory | First assault squad dispatched 8437 | -7/Factory | Assimilating Chaingunner 4a into Collective. 8461 | -7/Factory | Lost 5 allies 8470 | -7/Factory | Assimilating Grenadier 4a into Collective. 8479 | -7/Factory | Assimilating Angel 4a into Collective. 8484 | -7/Factory | Assimilating Soldier 4b into Collective. 8508 | -7/Factory | Lost 3 allies 8561 | -7/Factory | Assimilating Guardian 4b into Collective. 8855 | -7/Factory | Destroyed 7 combat bots 8921 | -7/Factory | Identified exit to Garrison 8924 | -7/Factory | Entered Garrison 8924 | -7/Garrison | Accompanied by 4 allies 8948 | -7/Garrison | Assimilating Hacker 4a into Collective. 8954 | -7/Garrison | Assimilating Hacker 4b into Collective. 9052 | -7/Garrison | Garrison Relay disabled 9133 | -7/Garrison | Assimilating Guardian 4c into Collective. 9362 | -7/Garrison | Assimilating Gladiator 4a into Collective. 9370 | -7/Garrison | Build established: Commander-Mutant 9401 | -7/Garrison | Discovered exit to Factory (range 17) 9509 | -7/Garrison | Core integrity fell below 50% 9826 | -7/Garrison | Discovered exit to Factory (range 10) 10084 | -7/Garrison | Discovered exit to Factory (range 11) 10099 | -7/Garrison | Expanded RIF knowledge: Command Fork 10214 | -7/Garrison | Entered Factory 10214 | -6/Factory | Accompanied by 9 allies 10214 | -6/Factory | Evolved 2 slots: Propulsion x1, Utility x1 10220 | -6/Factory | Attached Power Bank, gained temporary slots: Power x3 10252 | -6/Factory | Identified exit to Garrison 10276 | -6/Factory | Entered Garrison 10276 | -6/Garrison | Accompanied by 9 allies 10368 | -6/Garrison | Triggered checkpoint 10368 | -6/Garrison | Assimilating Guardian 5a into Collective. 10507 | -6/Garrison | Assimilating Hacker 5a into Collective. 10602 | -6/Garrison | Spotted Striker 10619 | -6/Garrison | Spotted Striker 10624 | -6/Garrison | Spotted B-75 Beast 10631 | -6/Garrison | Self-destructed Last Messages --------------- 10620_ Borg Angel 4a overheating. 10620_ Y-54 Guardian destroyed. 10621_ S-27 Virus destroyed. 10621_ Borg Angel 4a overheating. 10622_ Borg Angel 4a heat damages Hcp. Battery, Com. Battery, Com. Wheel. 10622_ Slug penetrates Borg Angel 4a. 10622_ Borg Angel 4a destroyed. 10622_ Core damaged by loss of Borg Angel 4a (-8). 10622_ Borg Hacker 4b fails to hack Striker. 10624_ Chaingunner 4d destroyed. 10624_ Borg Hacker 4b destroyed. 10624_ Core damaged by loss of Borg Hacker 4b (-8). 10625_ Acquired 21 matter. 10626_ Critical hit (Impale). 10628_ Critical hit (Burn: +37). 10628_ X-67 Chaingunner suffers critical hit (Blast). 10628_ Destroyed Weapon Cycler. 10628_ X-67 Chaingunner knocked back. 10630_ Arm. Huge Wheel destroyed. 10631_ 1B-0RG's Assimilator destroyed. Map ----- +----------------------------------------------------+ | ?????????????????????????????????????????????????? | | ?????????????????????????????????????????????????? | | ?????????????????????????????????????????????????? | | ????????????????????????? ???????????????????????? | | ????????????????????????? ???????????????????????? | | ????????????????????????? ???????????????????????? | | ????????????????????????? ???????????????????????? | | ????????????????????????? #??????????????????????? | | ????????????????????????? ??????????#???????????? | | ????????????????????????? #????????? #???????????? | | ????????????????????????# #?######?? #???????????? | | ???????????????????h????# #?# #? #???????????? | | ???????????????????????##+### ## ##??????????? | | ???????????????????#####=%= ######?????? | | ???????????????????? [%! = % + ??????? | | ?????????????????????? % = #??????????? | | ???????????????????????#=%!## =%#? #??????????? | | ?????????????????????###%x[## *#" ###????????? | | ?????????????????????# *== #????????? | | ?????????????????????#[%% #????????? | | ?????????????????????#% [ #????????? | | ?????????????????????# s K h #????????? | | ?????????????????????###%Hb## % ## ###????????? | | ??????????????##########* K#; ## ######?????? | | ??????????????# !=!=!% g g ????? | | ??????????????# #=@=!* s Yx ????? | | ??????????????# #######*=%![! g%= #####??????? | | ???????????????????????#!=!## ## ##??????????? | | ???????????????????????#[%%## #? #???????????? | | ???????????????????????#*!=#######?? #???????????? | | ???????????????????????#!p%#???????? #???????????? | | ???????????????????????# [ #????????Y#???????????? | | ???????????????????????#[ #?????????????????????? | | ???????????????????????# BB##????????????????????? | | ######################## BBT#????????????????????? | | % ##????????????????????? | | #?????????????????????? | | % % #?????????????????????? | | ############### ###########?????????????????????? | | ??????????????# ###?????????????????????????????? | | ??????????????# #?????????????????????????????? | | ??????????????# #?????????????????????????????? | | ??????????????# [ #?????????????????????????????? | | ??????????????# ###?????????????????????????????? | | ??????????????# #???????????????????????????????? | | ??????????????# #???????????????????????????????? | | ??????????????# ###?????????????????????????????? | | ??????????????# #"#?????????????????????????????? | | ??????????????# "#?????????????????????????????? | | ??????????????# "#?????????????????????????????? | +----------------------------------------------------+ Best States ------------- Heat Dissipation 37 Energy Generation 34 Energy Capacity 2415 Matter Stores 850 Matter Capacity 850 Sight Range 16 Terrain Scan Density 10 Jamming Range 12 Armor Coverage 225 Resistance: KI 10 Resistance: TH 10 Evasion (%) 42 Recoil Reduction 2 Relay Coupler Types 1 Relay Coupler Value 60 Item Schematics ----------------- Huge Storage Unit | -10/Materials | Hacked Robot Schematics ------------------ None Fabricated ------------ Nothing Repaired ---------- Lgt. Assault Rifle | 56% | -10/Materials Lgt. Treads | 56% | -10/Materials Studied --------- Wheel | -8/Materials | Hacked Com. Wheel | -8/Materials | Hacked Alien Tech Used ----------------- None Achievements -------------- Be The Sidekick I, Locutus Challenges ------------ None Game ------ Seed MultireflexDisruptorModule Manual? 0 Play Time 01:32:58 Cumulative 294.8 hours Start 2026.02.13 @ 11:11:06 End 2026.02.13 @ 15:16:41 Sessions 3 Manual Loads 0 Difficulty Rogue Special Mode None Game No. 120 Rogue 120 Adventurer 0 Explorer 0 Win Type - Total 29 Types 10/4/6/2/1/0/1/2/1/2 Lore% 81 Gallery% 76 Achievement% 67 Wizard Run 0 Options --------- Layout 0 ASCII 0 Keyboard 1 Movement Vi Keybinds 0 Fullscreen 2 Font 18/SmallcapsGlow Map View 76x50 Zoom Use 0% Tactical HUD 1 Map Filters NONE Filters NONE Steam 1 RUN: f4efec9f-9717-480d-b8c3-6bfdcef8b6d1